 Dungeon Crawl Stone Soup version 0.29.0-4-gdea44cf6ec (webtiles) character file.

Game seed: 16075286511911127390

543 qw the Chopper (level 7, -3/41 HPs)
             Began as a Tengu Warper on Aug 28, 2022.
             Slain by Edmund
             ... wielding a +1 flail of protection
              (15 damage)
             ... on level 5 of the Dungeon.
             The game lasted 00:00:30 (4699 turns).

qw the Chopper (Tengu Warper)                       Turns: 4699, Time: 00:00:30

Health: -3/41      AC:  8    Str: 13    XL:     7   Next: 27%
Magic:  11/11      EV: 10    Int: 14    God:
Gold:   298        SH:  9    Dex: 13    Spells: 10/10 levels left

rFire   . . .      SeeInvis .   f - +0 war axe
rCold   . . .      Faith    .   h - +0 buckler
rNeg    . . .      Spirit   .   a - +0 chain mail
rPois   .          Reflect  +   (helmet restricted)
rElec   .          Harm     .   (no cloak)
rCorr   .          Rampage  .   (no gloves)
Will    .....                   (boots unavailable)
Stlth   ..........              p - amulet of reflection
HPRegen 0.13/turn               b - +4 ring of evasion
MPRegen 0.12/turn               (no ring)

@: flying quickly and evasively, quick
A: beak, talons 3, nimble flight
a: no special abilities


You were on level 5 of the Dungeon.
You visited 1 branch of the dungeon, and saw 5 of its levels.

You collected 298 gold pieces.


Innate Abilities, Weirdness & Mutations

You have a beak for a mouth.
You have claws for feet.
Your magical nature lets you fly swiftly and evasively.


   Skills:
 - Level 3.0 Fighting
 + Level 7.0 Axes
 - Level 1.0 Throwing
 - Level 2.0 Armour
 - Level 2.1 Dodging
 - Level 2.9 Shields
 - Level 2.0 Spellcasting
 - Level 2.4 Translocations


You had 10 spell levels left.
You didn't know any spells.
Your spell library contained the following spells:

 Spells                   Type           Power      Damage    Failure   Level
 Blink                    Tloc           16%        N/A       99%         2
 Gell's Gravitas          Tloc           8%         N/A       100%        3
 Lesser Beckoning         Tloc           8%         N/A       100%        3
 Teleport Other           Tloc           8%         N/A       100%        3
 Manifold Assault         Tloc           8%         N/A       100%        5

Inventory:

Hand Weapons
 f - a +0 war axe (weapon)
 i - a +0 flail
Missiles
 r - 3 boomerangs (quivered)
Armour
 a - a +0 chain mail (worn)
 h - a +0 buckler (worn)
 j - a +0 pair of gloves
Jewellery
 b - a +4 ring of evasion (left hand)
 p - an amulet of reflection (around neck)
Scrolls
 c - 2 scrolls of identify
 m - a scroll of teleportation
 s - a scroll of fear {unknown}
Potions
 d - a potion of heal wounds
 e - a potion of might
 g - 2 potions of curing
 k - a potion of brilliance {unknown}
 l - a potion of haste
 n - 2 potions of cancellation {unknown}
 o - a potion of berserk rage {unknown}
 q - 2 potions of mutation {unknown}

Dungeon Overview and Level Annotations

Branches:
Dungeon (5/15)
 Temple: D:4-7

Altars:
Kikubaaqudgha
Qazlal
Trog
Uskayaw
Xom
Yredelemnul
Zin
The Shining One

Annotations:
D:4 2 transporters, 2 runed translucent doors, Menkaure; qw's ghost, amateur TeWr
D:5 Edmund


Message History

You throw a boomerang. The boomerang barely misses Edmund.
Edmund grinds his teeth, and then sighs.
You hit Edmund but do no damage. Edmund hits you but does no damage.
You hit Edmund but do no damage. Your kick misses Edmund.
Edmund hits you but does no damage.
You hit Edmund but do no damage. Edmund hits you but does no damage.
Edmund asks, "Have you met my wondrous brother?"
Edmund hits you but does no damage.
You hit Edmund.
Edmund is lightly wounded.
Edmund drinks a potion.
Edmund seems to grow stronger.
You barely miss Edmund. Your kick misses Edmund. Your peck misses Edmund.
Edmund is lightly wounded.
You block Edmund's attack.
You hit Edmund but do no damage. Your kick misses Edmund.
You peck Edmund, but do no damage.
Edmund is lightly wounded.
Edmund closely misses you.
You hit Edmund but do no damage.
Edmund is lightly wounded.
Edmund hits you with a +1 flail of protection!
You barely miss Edmund. Your kick misses Edmund.
Edmund is lightly wounded.
Edmund hits you with a +1 flail of protection.
Edmund misses you.
You hit Edmund but do no damage.
Edmund is lightly wounded.
You block Edmund's attack.
You hit Edmund but do no damage. Your peck misses Edmund.
Edmund is lightly wounded.
Edmund hits you but does no damage.
You slash Edmund! You claw Edmund.
Edmund is heavily wounded.
Edmund hits you with a +1 flail of protection!
You closely miss Edmund. Your peck misses Edmund.
Edmund is heavily wounded.
Edmund hits you with a +1 flail of protection!
You die...

#. # ###.##### # #
........ .. ###
...... ... ... #.....
.... ####
#.#..##..... ...#####
####....@o.###.#.#
<....... .......@#
....# ..######
####.##.# #.#.# ..#
#.#### #.#.# ..####
#....# #...# #
.....### ####.# #.#.#
## ...).#.. #.#
#.#.######. #....#.#
#.#####.###.#.)....#.
#.#.##.#
#>............#......
#.#.##.#
#######.###...#.#....


You could see Edmund (strong) and an orc.

Vanquished Creatures
  A wraith (D:5)
  A black bear (D:3)
  A phantom (D:5)
  A jelly (D:4)
  An orc wizard (D:5)
  6 adders
  A white imp (D:5)
  2 worms (D:2)
  3 dart slugs
  11 orcs
  15 ball pythons
  4 bats
  10 endoplasms
  5 goblins
  4 hobgoblins
  8 jackals (D:2)
  3 quokkas
  4 frilled lizards
  6 kobolds
  5 rats
92 creatures vanquished.

Vanquished Creatures (others)
  A fungus (D:1)
  3 plants
4 creatures vanquished.

Grand Total: 96 creatures vanquished

Notes
Turn   | Place    | Note
-------+----------+-------------------------------------------
     0 | D:1      | qw the Tengu Warper began the quest for the Orb.
     0 | D:1      | Reached XP level 1. HP: 12/12 MP: 4/4
     0 | D:1      | 0 ||| qw: Version: 0.1-a-89-g26bdef1
     0 | D:1      | 0 ||| qw: Game counter: 1136
     0 | D:1      | 0 ||| qw: Always use a shield: true
     0 | D:1      | 0 ||| qw: God list: Okawaru
     0 | D:1      | 0 ||| qw: Allow faded altars: false
     0 | D:1      | 0 ||| qw: Do Orc after D:15 true
     0 | D:1      | 0 ||| qw: Do second Lair branch before Depths: true
     0 | D:1      | 0 ||| qw: Lair rune preference: random
     0 | D:1      | 0 ||| qw: Plans: Normal
     0 | D:1      | 0 ||| PLANNING D:1-11
    79 | D:1      | 79 ||| Stepping ~*~*~tactically~*~*~ (hiding).
    81 | D:1      | 81 ||| Stepping ~*~*~tactically~*~*~ (hiding).
   197 | D:1      | 197 ||| Stepping ~*~*~tactically~*~*~ (stealth).
   199 | D:1      | 199 ||| Stepping ~*~*~tactically~*~*~ (stealth).
   203 | D:1      | 203 ||| Stepping ~*~*~tactically~*~*~ (stealth).
   209 | D:1      | Reached XP level 2. HP: 16/17 MP: 6/6
   213 | D:1      | Reached skill level 3 in Axes
   463 | D:1      | 463 ||| Stepping ~*~*~tactically~*~*~ (stealth).
   467 | D:1      | 467 ||| Stepping ~*~*~tactically~*~*~ (stealth).
   642 | D:1      | Found a faded altar of an unknown god.
   692 | D:1      | Reached XP level 3. HP: 13/21 MP: 7/7
   921 | D:1      | 921 ||| READING scroll labelled RAF XATSAU.
   922 | D:1      | 922 ||| READING scroll labelled OTOEDI NINK.
   923 | D:1      | 923 ||| READING scroll labelled HUEJAEWADD.
   924 | D:1      | 924 ||| READING scroll labelled BUFUPH KIRPHAFANN.
   929 | D:1      | 929 ||| DROPPING scroll of blinking.
  1149 | D:2      | Reached skill level 4 in Axes
  1204 | D:2      | 1204 ||| Stepping ~*~*~tactically~*~*~ (stealth).
  1660 | D:2      | Reached XP level 4. HP: 26/26 MP: 8/8
  1662 | D:2      | 1662 ||| Stepping ~*~*~tactically~*~*~ (hiding).
  1828 | D:2      | 1828 ||| UPGRADING to +0 ring mail.
  1838 | D:2      | 1838 ||| DROPPING +0 leather armour.
  1839 | D:2      | 1839 ||| READING 3 scrolls labelled UPTOID FOINEP.
  1840 | D:2      | 1840 ||| READING 5 scrolls labelled FAM UXTOAKALUOPP.
  1841 | D:2      | 1841 ||| DRINKING 3 grey potions.
  1842 | D:2      | 1842 ||| DRINKING 3 sedimented puce potions.
  1895 | D:2      | 1895 ||| READING 2 scrolls of identify.
  1895 | D:2      | 1895 ||| IDENTIFYING white potion
  1896 | D:2      | 1896 ||| DROPPING 4 scrolls of immolation.
  1897 | D:2      | 1897 ||| DROPPING 2 potions of attraction.
  1898 | D:2      | 1898 ||| DROPPING 2 potions of lignification.
  1938 | D:3      | Found a glowing silver altar of Zin.
  1947 | D:3      | 1947 ||| STAIRDANCE
  2060 | D:3      | 2060 ||| READING scroll of teleportation.
  2069 | D:3      | Found a shimmering altar of Xom.
  2104 | D:3      | Reached skill level 5 in Axes
  2293 | D:3      | 2293 ||| Stepping ~*~*~tactically~*~*~ (stealth).
  2295 | D:3      | 2295 ||| Stepping ~*~*~tactically~*~*~ (stealth).
  2310 | D:3      | 2310 ||| Stepping ~*~*~tactically~*~*~ (stealth).
  2311 | D:3      | 2311 ||| Stepping ~*~*~tactically~*~*~ (stealth).
  2313 | D:3      | 2313 ||| Stepping ~*~*~tactically~*~*~ (hiding).
  2418 | D:3      | 2418 ||| DROPPING +0 club.
  2768 | D:3      | Gained mutation: Your magical nature lets you fly swiftly
                  | and evasively. [Tengu growth]
  2768 | D:3      | Reached XP level 5. HP: 30/30 MP: 9/9
  3068 | D:3      | 3068 ||| UPGRADING to +0 chain mail.
  3078 | D:3      | 3078 ||| UPGRADING to +0 buckler.
  3083 | D:3      | 3083 ||| DROPPING +0 ring mail.
  3084 | D:3      | 3084 ||| UPGRADING to amulet of reflection.
  3089 | D:3      | 3089 ||| UPGRADING to +4 ring of evasion.
  3090 | D:3      | 3090 ||| READING scroll labelled ECZALAHUAT.
  3091 | D:3      | 3091 ||| READING scroll labelled DETAKK SEXENK.
  3092 | D:3      | 3092 ||| READING scroll labelled PEOH CAOMURIDD.
  3093 | D:3      | 3093 ||| DRINKING 2 viscous red potions.
  3094 | D:3      | 3094 ||| READING 2 scrolls of identify.
  3094 | D:3      | 3094 ||| IDENTIFYING bubbling golden potion
  3110 | D:4      | Found a transporter.
  3119 | D:4      | Noticed a black bear
  3125 | D:4      | 3125 ||| FLEEEEING.
  3126 | D:4      | 3126 ||| FLEEEEING.
  3127 | D:4      | 3127 ||| FLEEEEING.
  3128 | D:4      | 3128 ||| FLEEEEING.
  3129 | D:4      | 3129 ||| STAIRDANCE
  3206 | D:4      | 3206 ||| STAIRDANCE
  3212 | D:3      | Killed a black bear
  3345 | D:4      | 3345 ||| STAIRDANCE
  3352 | D:4      | 3352 ||| STAIRDANCE
  3390 | D:4      | 3390 ||| SWAPPING to +0 war axe.
  3391 | D:4      | 3391 ||| DROPPING +1 hand axe.
  3402 | D:4      | Reached XP level 6. HP: 31/35 MP: 10/10
  3515 | D:4      | Found a large runed translucent door.
  3515 | D:4      | Found a large runed translucent door.
  3525 | D:4      | 3525 ||| Stepping ~*~*~tactically~*~*~ (hiding).
  3528 | D:4      | 3528 ||| Stepping ~*~*~tactically~*~*~ (hiding).
  3529 | D:4      | 3529 ||| Stepping ~*~*~tactically~*~*~ (hiding).
  3821 | D:4      | Found a transporter.
  3841 | D:4      | Found a basalt altar of Yredelemnul.
  3845 | D:4      | Noticed Menkaure
  3853 | D:4      | Reached skill level 6 in Axes
  3936 | D:4      | Noticed qw's ghost (amateur TeWr)
  3969 | D:4      | Found an ancient bone altar of Kikubaaqudgha.
  3992 | D:4      | 3992 ||| DRINKING 2 metallic green potions.
  3993 | D:4      | 3993 ||| READING 2 scrolls of identify.
  3993 | D:4      | 3993 ||| IDENTIFYING pink potion
  3994 | D:4      | 3994 ||| DROPPING potion of degeneration.
  4008 | D:5      | Entered Level 5 of the Dungeon
  4008 | D:5      | Found a hide-covered altar of Uskayaw.
  4008 | D:5      | Found a stormy altar of Qazlal.
  4008 | D:5      | Found a bloodstained altar of Trog.
  4008 | D:5      | Found a glowing golden altar of the Shining One.
  4156 | D:5      | 4156 ||| FLEEEEING.
  4166 | D:5      | 4166 ||| FLEEEEING.
  4167 | D:5      | 4167 ||| FLEEEEING.
  4168 | D:5      | 4168 ||| FLEEEEING.
  4169 | D:5      | 4169 ||| FLEEEEING.
  4260 | D:5      | 4260 ||| Stepping ~*~*~tactically~*~*~ (hiding).
  4299 | D:5      | Noticed a wraith
  4316 | D:5      | Killed a wraith
  4317 | D:5      | Reached skill level 7 in Axes
  4317 | D:5      | Reached XP level 7. HP: 14/40 MP: 11/11
  4513 | D:5      | 4513 ||| DROPPING +0 whip.
  4614 | D:5      | Reached skill level 3 in Fighting
  4685 | D:5      | Noticed Edmund
  4699 | D:5      | Slain by Edmund

Levels and vault maps discovered:
D:1:      lightli_arrival_isolated_outpost, layout_loops_ring,
          shapermc_ecumenical_altar_acropolis, minmay_misc_feat_alley
D:2:      layout_rooms
D:3:      layout_loops_ring, nicolae_overflow_crystal_walls,
          amcnicky_altar_gilded, minmay_shallow_snake_nest
D:4:      layout_cave_pools, gammafunk_temple_of_torment,
          ebering_ghost_disaster_area
D:5:      layout_loops_ring, chequers_temple_overflow_statue_of_worship,
          minmay_misc_feat_more_columns, uniq_edmund

Skill      XL: |  1  2  3  4  5  6  7 |
---------------+----------------------+-----
Axes           | 3 4 5 7 |  7.0
Shields        | 2 |  2.9
Armour         | 2 |  2.0
Fighting       | 3 |  3.0
Throwing       | |  1.0
Dodging        | |  2.1
Spellcasting   | |  2.0
Translocations | |  2.4

Action                   |  1- 3 |  4- 6 |  7- 9 || total
-------------------------+-------+-------+-------++-------
Melee: Hand axe          |    88 |    88 |       ||   176
       Kick              |    21 |    28 |     5 ||    54
       Peck              |    11 |    22 |     2 ||    35
       War axe           |       |    43 |    23 ||    66
Throw: Boomerang         |     7 |     7 |     3 ||    17
  Use: Scroll            |     4 |     9 |       ||    13
       Potion            |       |     4 |       ||     4
Armor: Leather armour    |    19 |     1 |       ||    20
       Ring mail         |       |    21 |       ||    21
       Chain mail        |       |    20 |     8 ||    28
Dodge: Dodged            |    40 |    70 |     5 ||   115
Block: Buckler           |       |    33 |     7 ||    40
       Reflection        |       |     1 |       ||     1

Table legend:
 A = Non-vault XP
 B = Vault XP
 C = Vault XP percentage of total XP
 D = Non-vault monster count
 E = Vault monster count
 F = Vault count percentage of total count
                 A         B        C        D         E       F
            +---------+---------+-------+---------+---------+-------
      Total |     759 |      18 |   2.3 |      87 |       5 |   5.4
            +---------+---------+-------+---------+---------+-------
        D:1 |      34 |       0 |   0.0 |      20 |       0 |   0.0
        D:2 |      58 |       0 |   0.0 |      27 |       0 |   0.0
        D:3 |     189 |      18 |   8.7 |      15 |       5 |  25.0
        D:4 |      89 |       0 |   0.0 |      16 |       0 |   0.0
        D:5 |     389 |       0 |   0.0 |       9 |       0 |   0.0
            +---------+---------+-------+---------+---------+-------
